 Dungeon Crawl Stone Soup version 0.30.0-20-g3b4254fcbd (webtiles) character file.

Game seed: 16187551788939303941

445 Graphine the Covert (level 7, -1/44 HPs)
             Began as a Kobold Brigand on June 2, 2023.
             Slain by a sleepcap (6 damage)
             ... on level 4 of the Dungeon.
             The game lasted 00:06:54 (2648 turns).

Graphine the Covert (Kobold Brigand)                Turns: 2648, Time: 00:06:55

Health: -1/44      AC:  4    Str:  8    XL:     7   Next: 24%
Magic:  7/7        EV: 14    Int: 12    God:
Gold:   630        SH:  0    Dex: 19    Spells: 6/6 levels left

rFire   . . .        a - +5 dagger
rCold   . . .        (no shield)
rNeg    . . .        b - +0 robe
rPois   .            (no helmet)
rElec   .            c - +0 cloak
rCorr   .            l - +0 pair of gloves
SInv    .            (no boots)
Will    .....        (no amulet)
Stlth   +++++        (no ring)
HPRegen 0.27/turn    (no ring)
MPRegen 0.10/turn

%: no passive effects
@: no status effects
A: small, no large weapons, nightstalker 3
a: no special abilities


You were on level 4 of the Dungeon.
You visited 1 branch of the dungeon, and saw 4 of its levels.

You collected 726 gold pieces.
You spent 96 gold pieces at shops.

Inventory:

Hand Weapons
 a - a +5 dagger (weapon)
 m - a +0 arbalest
Missiles
 d - 20 poisoned darts (quivered)
 e - 3 curare-tipped darts
Armour
 b - a +0 robe (worn)
 c - a +0 cloak (worn)
 l - a +0 pair of gloves (worn)
Magical Staves
 g - the staff of air "Ymintawa" {Fragile rElec rPois rF++ Stlth+}
   (You acquired it on level 1 of the Dungeon)

   [staff of air]

   Base accuracy: +5 Base damage: 5 Base attack delay: 1.2 This weapon's minimum
   attack delay (0.6) is reached at skill level 12.
   rF:        It greatly protects you from fire.
   rElec:     It insulates you from electricity.
   rPois:     It protects you from poison.
   Fragile:   It will be destroyed if unequipped.
   Stlth:     It makes you more stealthy.
   It falls into the 'Staves' category.
   It is a two-handed weapon.
Jewellery
 u - the ring "Talleunk" {*Slow rF++ AC+4 Dex+2 SInv}
   (You found it on level 3 of the Dungeon)

   [ring of protection]

   AC:        It affects your AC (+4).
   Dex:       It affects your dexterity (+2).
   rF:        It greatly protects you from fire.
   SInv:      It lets you see invisible.
   *Slow:     It may slow you when you take damage.
Scrolls
 f - a scroll of immolation
 j - a scroll of fog {unknown}
 q - 2 scrolls of amnesia
 r - a scroll of poison {unknown}
 t - a scroll of enchant armour {unknown}
Potions
 h - a potion of lignification
 i - 3 potions of mutation
 k - a potion of cancellation
 n - a potion of attraction
 o - a potion of magic
 p - a potion of degeneration
 s - a potion of brilliance


   Skills:
 + Level 4.3 Fighting
 + Level 5.2 Short Blades
 - Level 2.1 Throwing
 - Level 1.2 Dodging
 * Level 8.9 Stealth


You had 6 spell levels left.
You didn't know any spells.
Your spell library was empty.

Dungeon Overview and Level Annotations

Branches:
Dungeon (4/15)
 Temple: D:4-7

Altars:

Shops:
D:3 ?


Innate Abilities, Weirdness & Mutations

You are small and have problems with some larger weapons.
You are completely attuned to the shadows.


Message History

The endoplasm freezes you.
You are frozen.
The sleepcap completely misses you.
You barely miss the endoplasm.
The endoplasm is heavily wounded.
You puncture the endoplasm!
You kill the endoplasm!
The sleepcap releases spores at you but does no damage.
You hit the sleepcap.
The sleepcap is lightly damaged.
The sleepcap misses you.
You hit the sleepcap but do no damage.
The sleepcap is lightly damaged.
The sleepcap barely misses you.
You hit the sleepcap but do no damage.
You punch the sleepcap, but do no damage.
The sleepcap is lightly damaged.
You hit the sleepcap.
The sleepcap is lightly damaged.
The sleepcap barely misses you.
Okay, then.
As you read the scroll of enchant weapon, it crumbles to dust.
Your +4 dagger glows red for a moment.
The sleepcap barely misses you.
You hit the sleepcap.
The sleepcap is moderately damaged.
The sleepcap releases spores at you.
You are engulfed in a cloud of soporific spores!
You fall asleep.
The sleepcap barely misses you. The sleepcap releases spores at you!
You wake up.
* * * LOW HITPOINT WARNING * * *
You are engulfed in a cloud of soporific spores!
You are unaffected.
Okay, then.
It was a potion of magic.
Magic courses through your body. The sleepcap misses you.
Unknown command.
You hit the sleepcap.
The sleepcap is moderately damaged.
The sleepcap releases spores at you.
You die...

##+## #.# ##...##
#.# ##.....## #.###
##.......####.#.###
#........)...?.f..#
+).............@..#
#.........###.....#
##........# #.#.#.#
##.....#.# #......#
##...##.# # ### .#
##'## #.# #.#
######.##


You could see a sleepcap.

Vanquished Creatures
  Sigmund (D:2)
  An ogre (D:4)
  A phantom (D:4)
  An orc wizard (D:4)
  3 adders
  A worm (D:3)
  3 dart slugs
  4 orcs (D:4)
  5 ball pythons
  8 endoplasms
  2 giant cockroaches (D:1)
  4 goblins
  6 hobgoblins
  4 quokkas
  2 bats
  2 frilled lizards (D:2)
  3 kobolds
  A rat (D:1)
52 creatures vanquished.

Notes
Turn   | Place    | Note
-------+----------+-------------------------------------------
     0 | D:1      | Graphine the Kobold Brigand began the quest for the Orb.
     0 | D:1      | Reached XP level 1. HP: 12/12 MP: 1/1
    81 | D:1      | Reached XP level 2. HP: 18/18 MP: 2/2
   506 | D:1      | Reached skill level 6 in Stealth
   506 | D:1      | Reached XP level 3. HP: 22/22 MP: 3/3
   695 | D:1      | Identified a scroll of acquirement
   695 | D:1      | Acquired the staff of air "Ymintawa" {Fragile rElec rPois
                  | rF++ Stlth+}
  1003 | D:2      | Reached XP level 4. HP: 27/27 MP: 4/4
  1015 | D:2      | Noticed Sigmund
  1033 | D:2      | Killed Sigmund
  1034 | D:2      | Reached skill level 7 in Stealth
  1034 | D:2      | Reached XP level 5. HP: 33/33 MP: 5/5
  1034 | D:2      | Reached XP level 6. HP: 38/38 MP: 6/6
  1333 | D:2      | Acquired 576 gold pieces
  1827 | D:3      | Reached skill level 8 in Stealth
  2028 | D:3      | Found Jastro's Magic Scroll Boutique.
  2033 | D:3      | Bought a scroll of identify for 24 gold pieces
  2033 | D:3      | Bought a scroll of identify for 24 gold pieces
  2033 | D:3      | Bought a scroll of identify for 24 gold pieces
  2033 | D:3      | Bought a scroll of identify for 24 gold pieces
  2437 | D:3      | Found a faded altar of an unknown god.
  2437 | D:3      | Identified the ring "Talleunk" {*Slow rF++ AC+4 Dex+2 SInv}
  2585 | D:4      | Noticed an ogre
  2590 | D:4      | Killed an ogre
  2591 | D:4      | Reached skill level 5 in Short Blades
  2591 | D:4      | Reached XP level 7. HP: 43/43 MP: 7/7
  2648 | D:4      | Slain by a sleepcap

Illustrated notes

Levels and vault maps discovered:
D:1:      minmay_arrival_four_loops, layout_basic
D:2:      layout_basic, uniq_sigmund
D:3:      layout_loops_ring, serial_shops, shop_fountains,
          dilly_ecumenical_altar_fadedgnrine
D:4:      layout_loops_corners, enter_ossuary_2, minmay_liquid_box

Skill      XL: |  1  2  3  4  5  6 |
---------------+-------------------+-----
Short Blades   | 3 4 5 |  5.2
Stealth        | 6 7 8 |  8.9
Fighting       | 3 4 |  4.3
Throwing       | |  2.1
Dodging        | |  1.2

Action                     |  1- 3 |  4- 6 |  7- 9 || total
---------------------------+-------+-------+-------++-------
  Melee: Dagger            |    68 |    59 |    32 ||   159
         Punch             |     1 |       |     2 ||     3
  Throw: Dart              |       |     6 |       ||     6
    Use: Scroll            |     5 |     7 |     1 ||    13
         Potion            |       |     1 |     1 ||     2
   Stab: Sleeping          |    12 |    14 |       ||    26
 Armour: Robe              |    10 |     4 |     2 ||    16
         Skin              |       |     2 |       ||     2
  Dodge: Dodged            |    42 |    15 |    18 ||    75
